 Dungeon Crawl Stone Soup version 0.21-a0-630-g344d351 (webtiles) character file.

5471 Firecrotchwizard the Grappler (level 10, -5/96 HPs)
             Began as a Troll Monk on Dec 26, 2017.
             Was a High Priest of Okawaru.
             Slain by a tentacled starspawn (18 damage)
             ... on level 1 of the Abyss.
             The game lasted 00:17:43 (7588 turns).

Firecrotchwizard the Grappler (Troll Monk)          Turns: 7588, Time: 00:17:44

Health: -5/96      AC:  8    Str: 21    XL:     10   Next: 42%
Magic:  12/14      EV: 12    Int:  6    God:    Okawaru [*****.]
Gold:   411        SH:  0    Dex: 12    Spells: 9/9 levels left

rFire    + . .     SeeInvis .     - Unarmed
rCold    + + +     Gourm    +   (no shield)
rNeg     . . .     Faith    .   a - +0 robe
rPois    .         Spirit   .   (helmet restricted)
rElec    +         Reflect  .   (no cloak)
rCorr    .         Harm     .   (gloves unavailable)
MR       .....                  (boots unavailable)
Stlth    +++.......             (no amulet)
HPRegen  0.66/turn              d - +3 ring of protection
MPRegen  0.14/turn              w - ring "Xogrup" {+Fly rElec rF+ rC+++ Dex-3}

@: heroism, constricted
A: large, unfitting armour, claws 3, fast metabolism 3, gourmand, regeneration
1, shaggy fur 1, tough skin 2
a: Heroism, Finesse, Renounce Religion, Evoke Flight


You were on level 1 of the Abyss.
You worshipped Okawaru.
Okawaru was extremely pleased with you.
You were completely stuffed.

You visited 2 branches of the dungeon, and saw 10 of its levels.
You visited the Abyss 1 time.
You also visited: Sewer and Ossuary.

You collected 486 gold pieces.
You spent 75 gold pieces at shops.

Inventory:

Hand Weapons
 D - a +1 whip of flaming
   (You took it off Pikel on level 7 of the Dungeon)
 L - a +2 glaive of freezing
   (You took it off an orc warrior on level 8 of the Dungeon)
 R - a +3 blowgun
   (You found it on level 1 of the Abyss)
Missiles
 g - 3 large rocks (quivered) {!d}
 j - a throwing net {=f, !d}
 C - 4 tomahawks of dispersal {=f}
Armour
 a - a +0 robe (worn)
Jewellery
 d - a +3 ring of protection (left claw)
   (You found it on level 1 of the Dungeon)
 h - an uncursed ring of ice {rC+, rF-}
   (You found it on level 2 of the Dungeon)
 o - an uncursed ring of see invisible {sInv, !d}
   (You found it on level 3 of the Dungeon)
 u - an uncursed amulet of magic regeneration {@e1}
   (You found it on level 5 of the Dungeon)
 w - the ring "Xogrup" (right claw) {+Fly rElec rF+ rC+++ Dex-3}
   (You found it on level 7 of the Dungeon)

   [ring of protection from fire]

   It affects your dexterity (-3).
   It protects you from fire.
   It renders you almost immune to cold.
   It insulates you from electricity.
   It lets you fly.
 O - a +5 ring of intelligence
   (You found it on level 8 of the Dungeon)
 P - a +5 ring of intelligence
   (You found it on level 8 of the Dungeon)
Wands
 m - a wand of flame (48)
   (You found it on level 3 of the Dungeon)
 r - a wand of disintegration (25) {@e1}
   (You found it on level 5 of the Dungeon)
 J - a wand of paralysis (14)
   (You found it on level 8 of the Dungeon)
Scrolls
 k - 6 scrolls of identify
 p - 7 scrolls of teleportation
 t - 2 scrolls of blinking {unknown}
 x - 2 scrolls of fog {unknown}
 y - a scroll of fear {unknown}
 F - a scroll of magic mapping {unknown}
 H - a scroll of random uselessness {unknown}
 I - a scroll of amnesia {unknown}
 Q - a scroll of remove curse
Potions
 c - a potion of berserk rage {unknown}
 e - a potion of brilliance {unknown}
 f - 4 potions of flight
 l - 3 potions of haste
 n - 2 potions of ambrosia
 q - a potion of magic {unknown}
 s - a potion of mutation {unknown}
 z - 3 potions of might {unknown}
 A - 4 potions of curing {unknown}
 B - 3 potions of heal wounds
 E - 3 potions of degeneration {unknown}
 G - 5 potions of lignification {unknown}
Books
 i - a book of Maledictions
   (You found it on level 3 of the Dungeon)
 v - a book of Geomancy
   (You found it on level 5 of the Dungeon)
 K - a book of Minor Magic
   (You found it on level 8 of the Dungeon)
 N - a book of Cantrips
   (You found it on level 8 of the Dungeon)
Comestibles
 b - 10 rations {@e1}
 M - 9 chunks of flesh {@w0}


   Skills:
 + Level 5.2(10.2) Fighting
 + Level 4.3(9.3) Armour
 + Level 5.2(10.2) Dodging
 - Level 1.0(6.0) Stealth
 - Level 10.0(15.0) Unarmed Combat
 * Level 7.1 Invocations


You had 9 spell levels left.
You didn't know any spells.

Dungeon Overview and Level Annotations

Branches:
Dungeon (9/15)             Temple (1/1) D:5
   Lair: D:8-11         Orc: D:9-12

Altars:
Ashenzari
Cheibriados
Dithmenos
Elyvilon
Fedhas
Gozag
Hepliaklqana
Kikubaaqudgha
Makhleb
Nemelex Xobeh
Okawaru
Qazlal
Ru
Sif Muna
Trog
Uskayaw
Vehumet
Wu Jian
Xom
Yredelemnul
Zin
The Shining One
Lugonu

Shops:
D:7 !

Annotations:
D:7 exclusion: slave
D:8 1 transporter, Gastronok
D:9 Psyche


Innate Abilities, Weirdness & Mutations

You are too large for most types of armour.
You have claws for hands.
Your metabolism is lightning-fast.
You like to eat raw meat.
Your natural rate of healing is unusually fast.
You are covered in fur. (AC +1)
You have very tough skin. (AC +2)


Message History

You eat one of the 10 chunks of flesh {@w0}.
This raw flesh tastes great.
The howler monkey howls!
The howler monkey is too close now for your liking.
A jelly comes into view.
The howler monkey hoots and howls with incredible vigour!
You hear a shout!
Psyche the Insane Magess comes into view.
She is wielding a dagger of distortion.
Psyche shouts!
You claw the howler monkey!
The howler monkey hits you but does no damage.
Psyche casts a spell.
Psyche seems to speed up.
The howler monkey barely misses you. The howler monkey closely misses you.
The howler monkey closely misses you.
Psyche looks encouraged for a moment.
The howler monkey barely misses you.
A jelly comes into view.
You scratch the howler monkey but do no damage.
The howler monkey hoots and howls with incredible vigour!
You hear a shout! x3
You mangle Psyche!! Psyche hits you but does no damage.
You feel strangely unstable.
Psyche laughs secretively.
Psyche hits you with a dagger of distortion.
Space warps horribly around you! The howler monkey hits you.
You take 21 damage, and have 74/95 hp.
MASSIVE DAMAGE!!
You barely miss Psyche. Psyche casts a spell at you. The magic dart hits you!
The howler monkey barely misses you.
You take 1 damage, and have 73/95 hp.
You barely miss Psyche. Your claw misses Psyche.
Psyche hits you but does no damage. Space warps horribly around you!
Psyche hits you with a dagger of distortion.
You are cast into the Abyss!
To return, you must find a gate leading back.
Killing monsters will force the Abyss to allow you passage.
This branch contains the abyssal rune of Zot.
You now have 411 gold pieces (gained 32).
You take 12 damage, and have 61/95 hp.
You are suddenly pulled into a different region of the Abyss!
You feel much better.
You regained 22 hp, and now have 84/96 hp.
Okay, then.
R - a runed blowgun Health restored: 96 A tentacled starspawn comes into view.
The tentacled starspawn moves out of view.
Found a gateway leading out of the Abyss.
The tentacled starspawn bites you!!
The tentacled starspawn closely misses you.
You take 22 damage, and have 74/96 hp.
MASSIVE DAMAGE!!
Tentacles burst from the starspawn's body! 2 starspawn tentacles come into view.
The starspawn tentacle barely misses you.
There is a gateway leading out of the Abyss here.
The starspawn tentacle closely misses you.
The starspawn tentacle grabs you.
You stop descending the stairs.
The starspawn tentacle constricts you.
You take 2 damage, and have 76/96 hp.
You scratch the starspawn tentacle but do no damage.
You scratch the tentacled starspawn.
The starspawn tentacle loses its grip on you.
The starspawn tentacle grabs you. The starspawn tentacle constricts you.
You scratch the tentacled starspawn.
The starspawn tentacle loses its grip on you.
The starspawn tentacle grabs you. The starspawn tentacle constricts you.
The tentacled starspawn bites you!
The tentacled starspawn engulfs you but does no damage.
You take 14 damage, and have 63/96 hp.
You scratch the tentacled starspawn.
The starspawn tentacle loses its grip on you.
The starspawn tentacle grabs you. The starspawn tentacle constricts you.
The tentacled starspawn bites you!!
The tentacled starspawn engulfs you but does no damage.
You take 18 damage, and have 45/96 hp.
You scratch the tentacled starspawn but do no damage.
The starspawn tentacle loses its grip on you.
The starspawn tentacle barely misses you.
Unknown command.
You gain the combat prowess of a mighty hero.
The tentacled starspawn bites you!!
* * * LOW HITPOINT WARNING * * *
The tentacled starspawn engulfs you.
* * * LOW HITPOINT WARNING * * *
The starspawn tentacle grabs you. The starspawn tentacle constricts you.
You take 35 damage, and have 11/96 hp.
MASSIVE DAMAGE!!
You now have 12/14 mp.
You feel much better. The tentacled starspawn bites you!!
* * * LOW HITPOINT WARNING * * *
The tentacled starspawn engulfs you!!
You die...

. . # .## . ..
.## ## #. #..#
# ..# .##...
#. ##. #
###..# .. #..#
# #.X@.# . #.
###.w#w## #.#
....─...#
##...#...#..##
#.# ...#..####
.. .#.#...
###...#.#..##
#.#...##. ..
##...## #####


You could see a tentacled starspawn and 2 starspawn tentacles.

Vanquished Creatures
  A two-headed ogre (D:8)
  Pikel (D:7)
  An ugly thing (D:8)
  A hippogriff (D:8)
  2 wraiths (Ossuary)
  A sky beast (D:9)
  2 orc warriors
  A necrophage (D:8)
  3 slaves (D:7)
  A black bear (D:6)
  2 ogres (D:6)
  4 centaurs
  3 ice beasts
  4 big kobolds
  3 bullfrogs
  A wyvern zombie (D:6)
  2 water moccasin zombies
  4 scorpions
  3 wights (Ossuary)
  A howler monkey (D:5)
  4 crimson imps
  6 orc wizards
  2 centaur zombies
  2 jellies
  2 hounds
  4 orc priests
  A gnoll shaman (D:5)
  A bullfrog skeleton (D:6)
  A centaur skeleton (D:5)
  An iguana (D:8)
  9 worker ants
  A hound zombie (D:9)
  Robin (D:3)
  3 worker ant zombies
  11 gnolls
  9 adders
  A river rat (Sewer)
  A shadow imp (D:5)
  An ooze (D:2)
  5 adder zombies
  An adder skeleton (D:8)
  3 worms
  A dart slug (D:1)
  8 leopard geckos
  33 orcs
  6 giant cockroaches
  13 goblins
  5 hobgoblins
  10 jackals
  4 quokkas
  3 ball pythons
  A ball python skeleton (Ossuary)
  6 bats (D:2)
  3 frilled lizards
  A hobgoblin skeleton (Ossuary)
  A hobgoblin zombie (Ossuary)
  24 kobolds
  A kobold zombie (Ossuary)
  A leopard gecko skeleton (D:5)
  An orc zombie (Ossuary)
  10 rats
243 creatures vanquished.

Notes
Turn   | Place    | Note
-------+----------+-------------------------------------------
     0 | D:1      | Firecrotchwizard the Troll Monk began the quest for the Orb.
     0 | D:1      | Reached XP level 1. HP: 22/22 MP: 0/0
   233 | D:1      | Reached XP level 2. HP: 27/29 MP: 1/1
   667 | D:2      | Reached skill level 4 in Unarmed Combat
   767 | D:2      | Reached XP level 3. HP: 35/36 MP: 2/2
  1024 | D:2      | Reached XP level 4. HP: 44/44 MP: 3/3
  1211 | D:3      | Reached skill level 5 in Unarmed Combat
  1237 | D:3      | Noticed Robin
  1381 | D:3      | Killed Robin
  1537 | D:3      | Reached XP level 5. HP: 50/50 MP: 4/4
  1599 | D:3      | Reached skill level 6 in Unarmed Combat
  1896 | D:4      | Reached XP level 6. HP: 53/59 MP: 5/5
  2301 | D:4      | Found a shimmering altar of Xom.
  2310 | D:4      | Reached skill level 7 in Unarmed Combat
  2408 | D:4      | Found a shimmering altar of Xom.
  2410 | D:4      | Found a shimmering altar of Xom.
  2410 | D:4      | Found a shimmering altar of Xom.
  2413 | D:4      | Found a shimmering altar of Xom.
  2413 | D:4      | Found a shimmering altar of Xom.
  2440 | D:5      | Entered Level 5 of the Dungeon
  2679 | D:5      | Reached skill level 8 in Unarmed Combat
  2684 | D:5      | Reached XP level 7. HP: 50/66 MP: 6/6
  2867 | D:5      | Reached skill level 9 in Unarmed Combat
  3067 | D:5      | Found a staircase to the Ecumenical Temple.
  3090 | Temple   | Entered the Ecumenical Temple
  3154 | Temple   | Became a worshipper of Warmaster Okawaru
  3154 | Temple   | Reached * piety under Okawaru
  3154 | Temple   | Reached ** piety under Okawaru
  3600 | D:6      | Reached XP level 8. HP: 51/74 MP: 7/7
  3609 | D:6      | HP: 18/74 [poisoned by a scorpion]
  3610 | D:6      | Reached skill level 10 in Unarmed Combat
  3615 | D:6      | HP: 18/74 [poisoned by a scorpion]
  3621 | D:6      | HP: 18/74 [poisoned by a scorpion]
  3867 | D:6      | Reached skill level 1 in Invocations
  3950 | D:6      | Reached skill level 1 in Armour
  3992 | D:6      | Reached skill level 2 in Invocations
  4028 | D:6      | Found a glowing drain.
  4032 | Sewer    | Entered a sewer
  4182 | Sewer    | Reached skill level 3 in Fighting
  4182 | Sewer    | Reached skill level 3 in Dodging
  4269 | Sewer    | Reached *** piety under Okawaru
  4386 | D:6      | Reached skill level 3 in Invocations
  4485 | D:6      | Reached skill level 2 in Armour
  4524 | D:6      | Reached XP level 9. HP: 26/83 MP: 10/10
  5141 | D:7      | Reached skill level 4 in Invocations
  5183 | D:7      | Got a sparkling jade ring
  5199 | D:7      | Identified the ring "Xogrup" {+Fly rElec rF+ rC+++ Dex-3} (You found it on level 7 of the Dungeon)
  5319 | D:7      | Found Hoinurant's Distillery.
  5322 | D:7      | Bought a potion of heal wounds for 75 gold pieces
  5385 | D:7      | Noticed Pikel
  5408 | D:7      | Killed Pikel
  5408 | D:7      | Reached **** piety under Okawaru
  5408 | D:7      | Reached skill level 4 in Fighting
  5408 | D:7      | Reached skill level 3 in Armour
  5408 | D:7      | Reached skill level 4 in Dodging
  5478 | D:7      | Reached skill level 5 in Invocations
  5622 | D:7      | Found a sand-covered staircase.
  5631 | Ossuary  | Entered an ossuary
  6496 | D:8      | Reached skill level 6 in Invocations
  6539 | D:8      | HP: 6/85 [orc warrior/glaive of freezing (24)]
  6541 | D:8      | Reached ***** piety under Okawaru
  6541 | D:8      | Reached XP level 10. HP: 6/94 MP: 13/13
  6571 | D:8      | Noticed a red ugly thing
  6576 | D:8      | Killed a red ugly thing
  6681 | D:8      | Found a transporter.
  6685 | D:8      | Noticed Gastronok
  6686 | D:8      | Found a corrupted altar of Lugonu.
  6841 | D:8      | Found a bloodstained altar of Trog.
  6927 | D:8      | Reached skill level 4 in Armour
  6931 | D:8      | Noticed a two-headed ogre
  6937 | D:8      | Killed a two-headed ogre
  6937 | D:8      | Reached skill level 5 in Fighting
  6937 | D:8      | Reached skill level 5 in Dodging
  6990 | D:8      | Noticed a red ugly thing
  7401 | D:9      | Reached skill level 7 in Invocations
  7523 | D:9      | Noticed Psyche
  7530 | D:9      | Cast into level 1 of the Abyss (Psyche)
  7568 | Abyss:1  | Noticed a tentacled starspawn
  7587 | Abyss:1  | HP: 14/96 [tentacled starspawn (33)]
  7588 | Abyss:1  | Slain by a tentacled starspawn

Vault maps used:
D:1:      kennysheep_arrival_forest
D:3:      first_ration, uniq_robin
D:4:      xom_redecorated
D:5:      minmay_temple_entry_poolview, kennysheep_generic_room_6
D:6:      gup_sewer_entry_bowl
D:7:      serial_shops, nicolae_shop_behind_doors, enter_ossuary_1,
          minmay_unpleasant_kobolds, uniq_pikel
D:8:      gammafunk_corrupted_shrine, bloody_trog, uniq_gastronok
D:9:      serial_shops, shop, uniq_psyche
Temple:   dpeg_three_leaves_temple
Sewer:    sewer_co_15_rooms
Ossuary:  ossuary_due_cavern

Skill      XL: |  1  2  3  4  5  6  7  8  9 10 |
---------------+-------------------------------+-----
Unarmed Combat | 4 5 6 8 9 10 | 10.0
Invocations    | 3 6 7 |  7.1
Armour         | 2 3 4 |  4.3
Fighting       | 3 4 5 |  5.2
Dodging        | 3 4 5 |  5.2
Stealth        | |  1.0

Action                   |  1- 3 |  4- 6 |  7- 9 | 10-12 || total
-------------------------+-------+-------+-------+-------++-------
Melee: Unarmed           |    79 |   156 |   340 |    80 ||   655
       Punch             |     1 |     4 |    18 |     2 ||    25
Throw: Javelin           |       |    37 |    19 |       ||    56
       Large rock        |       |       |     6 |     6 ||    12
Invok: Heroism           |       |       |       |     3 ||     3
  Use: Scroll            |       |     7 |     1 |       ||     8
       Potion            |       |       |       |     3 ||     3
 Stab: Sleeping          |     4 |       |     9 |     1 ||    14
       Distracted        |       |       |       |     1 ||     1
  Eat: Chunk             |    15 |    15 |    36 |    10 ||    76
Armor: Robe              |    31 |    69 |    91 |    21 ||   212
Dodge: Dodged            |    35 |    95 |   146 |    37 ||   313

Table legend:
 A = Spawn XP
 B = Non-spawn XP
 C = Spawn XP percentage of total XP
 D = Spawn monster count
 E = Non-spawn monster count
 F = Spawn count percentage of total count
 G = Total turns spent on level
                    A         B        C        D         E        F      G
               +---------+---------+-------+---------+---------+-------+---------
         Total |       0 |    7816 |   0.0 |       0 |     240 |   0.0 |  7588
               +---------+---------+-------+---------+---------+-------+---------
           D:1 |       0 |      26 |   0.0 |       0 |      14 |   0.0 |   629
           D:2 |       0 |      79 |   0.0 |       0 |      25 |   0.0 |   663
           D:3 |       0 |     142 |   0.0 |       0 |      26 |   0.0 |   519
           D:4 |       0 |     187 |   0.0 |       0 |      11 |   0.0 |   629
           D:5 |       0 |     783 |   0.0 |       0 |      44 |   0.0 |   998
           D:6 |       0 |    1489 |   0.0 |       0 |      33 |   0.0 |  1257
           D:7 |       0 |    1190 |   0.0 |       0 |      17 |   0.0 |   874
           D:8 |       0 |    2563 |   0.0 |       0 |      30 |   0.0 |  1128
           D:9 |       0 |     527 |   0.0 |       0 |      11 |   0.0 |   156
         Sewer |       0 |     229 |   0.0 |       0 |      15 |   0.0 |   329
       Ossuary |       0 |     601 |   0.0 |       0 |      14 |   0.0 |   271
               +---------+---------+-------+---------+---------+-------+---------

Vault maps used:
D:1:      kennysheep_arrival_forest
D:3:      first_ration, uniq_robin
D:4:      xom_redecorated
D:5:      minmay_temple_entry_poolview, kennysheep_generic_room_6
D:6:      gup_sewer_entry_bowl
D:7:      serial_shops, nicolae_shop_behind_doors, enter_ossuary_1,
          minmay_unpleasant_kobolds, uniq_pikel
D:8:      gammafunk_corrupted_shrine, bloody_trog, uniq_gastronok
D:9:      serial_shops, shop, uniq_psyche
Temple:   dpeg_three_leaves_temple
Sewer:    sewer_co_15_rooms
Ossuary:  ossuary_due_cavern

Table legend:
 A = Turns spent in this place as a percentage of turns spent in the entire game.
 B = Non-inter-level travel turns spent in this place as a percentage of non-inter-level travel turns spent in the entire game.
 C = Inter-level travel turns spent in this place as a percentage of turns spent in this place.
 D = Turns resting spent in this place as a percentage of non-inter-level travel turns spent in this place.
 E = Turns spent auto-exploring this place as a percentage of non-inter-level travel turns spent in this place.
 F = Non-inter-level travel turns spent in this place divided by the number of levels of this place that you've seen.
                   A       B       C       D       E      F
               +-------+-------+-------+-------+-------+----------------------
         Total | 100.0 | 100.0 |   3.9 |  10.1 |  66.0 | 560.9
       Dungeon |  90.3 |  90.1 |   4.1 |  11.0 |  68.4 | 729.9
        Temple |   1.0 |   0.9 |  15.6 |   0.0 |  87.7 |  65.0
         Abyss |   0.8 |   0.8 |   0.0 |   0.0 |   0.0 |  58.0
         Sewer |   4.3 |   4.5 |   0.0 |   0.6 |  35.3 | 329.0
       Ossuary |   3.6 |   3.7 |   0.0 |   2.6 |  52.4 | 271.0
               +-------+-------+-------+-------+-------+----------------------

Table legend:
 A = Kills in this place as a percentage of kills in entire the game.
 B = Kills by you in this place as a percentage of kills by you in the entire game.
 C = Kills by friends in this place as a percentage of kills by friends in the entire game.
 D = Other kills in this place as a percentage of other kills in the entire game.
 E = Experience gained in this place as a percentage of experience gained in the entire game.
 F = Experience gained in this place divided by the number of levels of this place that you have seen.
                   A       B       C       D       E      F
               +-------+-------+-------+-------+-------+----------------------
         Total | 100.0 | 100.0 |   N/A |   N/A | 100.0 | 601.2
       Dungeon |  87.9 |  87.9 |   N/A |   N/A |  89.4 | 776.2
         Sewer |   6.2 |   6.2 |   N/A |   N/A |   2.9 | 229.0
       Ossuary |   5.8 |   5.8 |   N/A |   N/A |   7.7 | 601.0
               +-------+-------+-------+-------+-------+----------------------
